 Dungeon Crawl Stone Soup version 0.30-a0-652-gcc886f7154 (webtiles) character file.

Game seed: 9406339907198635333

5 funkygono the Firebug (level 1, 0/13 HPs)
             Began as a Demonspawn Fire Elementalist on Jan 17, 2023.
             Slain by a jackal (3 damage)
             ... on level 1 of the Dungeon.
             The game lasted 00:00:24 (142 turns).

funkygono the Firebug (Demonspawn Fire Elementalist) Turns: 142, Time: 00:00:25

Health: 0/13       AC:  2    Str:  8    XL:     1   Next: 66%
Magic:  0/3        EV: 12    Int: 16    God:
Gold:   0          SH:  0    Dex: 13    Spells: 3/4 levels left

rFire   . . .      SeeInvis .    c - +2 dagger (drain)
rCold   . . .      Faith    .    (no shield)
rNeg    . . .      Spirit   .    a - +0 robe
rPois   .          Reflect  .    (no helmet)
rElec   .          Harm     .    (no cloak)
rCorr   .          Rampage  .    (no gloves)
Will    .....                    (no boots)
Stlth   ++                       (no amulet)
HPRegen 0.22/turn                (no ring)
MPRegen 0.08/turn                (no ring)

@: no status effects
A: no striking features
a: no special abilities


You were on level 1 of the Dungeon.
You visited 1 branch of the dungeon, and saw 1 of its levels.

Inventory:

Hand Weapons
 c - a +2 dagger of draining (weapon)
Armour
 a - a +0 robe (worn)
Potions
 b - a potion of magic


   Skills:
 + Level 1.7 Dodging
 - Level 1.7 Stealth
 + Level 2.2 Spellcasting
 + Level 1.0 Conjurations
 + Level 2.8 Fire Magic


You had 3 spell levels left.
You knew the following spells:

 Your Spells              Type           Power      Damage    Failure   Level
a - Foxfire               Conj/Fire      32%        2x1d5     9%          1

Your spell library contained the following spells:

 Spells                   Type           Power      Damage    Failure   Level
 Scorch                   Fire           20%        2d6       10%         2
 Inner Flame              Hex/Fire       6%         N/A       34%         3
 Kindle Blastsparks       Fire/Tloc/Air  8%         2d10      38%         3
 Flame Wave               Conj/Fire      8%         2d5       65%         4


Dungeon Overview and Level Annotations

Branches:
Dungeon (1/15)

Altars:


Message History

The bat misses you. The jackal attacks as you move away! The jackal bites you.
The bat barely misses you. The bat barely misses you.
The jackal attacks as you move away! The jackal barely misses you.
The bat attacks as you move away! The bat hits you but does no damage.
The bat misses you. The jackal closely misses you. The bat closely misses you.
The bat completely misses you.
You hit the jackal.
The jackal is severely wounded.
The bat hits you. The jackal bites you. The jackal closely misses you.
Casting: Foxfire (safe; 9% risk of failure)
Confirm with . or Enter, or press ? or * to list all spells.
Okay, then.
You closely miss the jackal. The bat misses you. The jackal barely misses you.
The bat attacks as you move away! The bat closely misses you.
The bat hits you but does no damage.
Casting: Foxfire (safe; 9% risk of failure)
Confirm with . or Enter, or press ? or * to list all spells.
You conjure some foxfire!
The foxfire hits the bat.
The bat is severely wounded.
The jackal bites you. x2; The bat closely misses you.
The jackal completely misses you. The jackal misses you.
The jackal attacks as you move away! The jackal barely misses you.
The foxfire hits the jackal.
The jackal is moderately wounded.
The bat hits you but does no damage. The jackal completely misses you.
The bat hits you. The bat hits you but does no damage.
There is a stone staircase leading down here.
The jackal attacks as you move away! The jackal closely misses you.
The bat closely misses you.
The jackal bites you but does no damage.
The jackal attacks as you move away! The jackal bites you.
* * * LOW HITPOINT WARNING * * *
The bat closely misses you. The jackal attacks as you move away!
The jackal misses you. The bat hits you but does no damage.
The bat barely misses you. The jackal barely misses you. The jackal bites you.
You die...

#.#.#####.# #.....#
#.# #.....# #.#
######...#.###.#
.........J......#
.######..>..########
. #..lb......... ##.
#.hh..######## #..
###@### #.# #.# #.#
##'## #.# ##...##
#.#### ##.....##
#<##.# ##.......##
#>##.####.........#
#.##....'.........+
##...####.........#


You could see an endoplasm, 2 jackals, a bat and a frilled lizard.

Vanquished Creatures
  A goblin (D:1)
  A jackal (D:1)
  2 kobolds (D:1)
  A bat (D:1)
5 creatures vanquished.

Vanquished Creatures (others)
  13 foxfires (D:1)
13 creatures vanquished.

Grand Total: 18 creatures vanquished

Notes
Turn   | Place    | Note
-------+----------+-------------------------------------------
     0 | D:1      | funkygono the Demonspawn Fire Elementalist began the quest
                  | for the Orb.
     0 | D:1      | Reached XP level 1. HP: 13/13 MP: 3/3
   142 | D:1      | Slain by a jackal

Illustrated notes

Levels and vault maps discovered:
D:1:      dpeg_arrival_tiny_j, layout_loops_corners, minmay_box_of_dots

Action                   || total
-------------------------++-------
Melee: Dagger            ||     2
 Cast: Foxfire           ||     9
Armor: Robe              ||    13
Dodge: Dodged            ||    37

Table legend: (Time is in decaauts)
 A = Elapsed time spent in this place.
 B = Non-inter-level travel time spent in this place.
 C = Inter-level travel time spent in this place.
 D = Time resting spent in this place.
 E = Time spent auto-exploring this place.
 F = Levels seen in this place.
 G = Mean time per level.
                   A        B        C        D        E       F      G
               +--------+--------+--------+--------+--------+-----+--------+
         Total |    141 |    141 |      0 |      0 |     96 |   1 |  141.0 |
       Dungeon |    141 |    141 |      0 |      0 |     96 |   1 |  141.0 |
               +--------+--------+--------+--------+--------+-----+--------+

Top non-repeatable levels by time:
     D:1: 141 daAuts
